 Dungeon Crawl Stone Soup version 0.18.1-8-gdd0e5ea (webtiles) character file.

80 santipi the Sneak (level 4, -2/37 HPs)
             Began as a Draconian Assassin on June 9, 2016.
             Slain by Sigmund
             ... wielding a +0 scythe
              (11 damage)
             ... on level 2 of the Dungeon.
             The game lasted 00:05:15 (1697 turns).

santipi the Sneak (Draconian Assassin)              Turns: 1697, Time: 00:05:16

Health: -2/37      AC:  6    Str: 13    XL:     4   Next: 18%
Magic:  4/4        EV: 12    Int: 11    God:
Gold:   81         SH:  0    Dex: 14    Spells: 0 memorised, 3 levels left

rFire  . . .     SeeInvis .     a - +3 dagger
rCold  . . .     Gourm    .     (armour unavailable)
rNeg   . . .     Faith    .     (no shield)
rPois  .         Spirit   .     (helmet restricted)
rElec  .         Dismiss  .     c - +0 cloak
rCorr  .         Reflect  .     (no gloves)
SustAt .         Harm     .     (no boots)
MR     .....                    (no amulet)
Stlth  ++........               (no ring)
                                (no ring)

@: lethally poisoned (-2 -> -4), not resistant to hostile enchantments,
unstealthy
A: unfitting armour, cold-blooded, AC +5
a: no special abilities


You were on level 2 of the Dungeon.
You were not hungry.

You visited 1 branch of the dungeon, and saw 2 of its levels.

You collected 81 gold pieces.

Inventory:

Hand Weapons
 a - a +3 dagger (weapon)
 b - a +0 blowgun
Missiles
 d - 8 poisoned needles
 e - 2 curare-tipped needles
Armour
 c - a +0 cloak (worn)
Wands
 m - a wand of digging (17/24)
Scrolls
 h - a scroll of fog {unknown}
 j - a scroll of remove curse {unknown}
 k - a scroll of immolation {unknown}
 n - a scroll of random uselessness {unknown}
Potions
 i - a potion of might {unknown}
 l - a potion of cure mutation {unknown}
 o - a potion of magic {unknown}
 p - a potion of brilliance {unknown}
Comestibles
 f - 8 chunks of flesh


   Skills:
 + Level 2.5 Fighting
 + Level 2.3 Short Blades
 + Level 1.9 Throwing
 + Level 1.6 Dodging
 + Level 4.8 Stealth


You had 3 spell levels left.
You didn't know any spells.

Dungeon Overview and Level Annotations

Branches:
Dungeon (2/15)

Altars:

Annotations:
D:2 Sigmund


Innate Abilities, Weirdness & Mutations

Your plain brown scales are hard (AC +5).
Your body does not fit into most forms of armour.
You are cold-blooded and may be slowed by cold attacks.


Message History

The adder is severely wounded.
You feel sick. Something barely misses you. The adder completely misses you.
You miss the adder.
The adder is severely wounded.
The adder misses you.
You hit the adder but do no damage.
The adder is severely wounded.
You feel sick. Something hits you. The adder closely misses you.
You hit the adder.
The adder is severely wounded.
The adder closely misses you.
You hit the adder.
Your tail-slap misses the adder.
The adder is almost dead.
Something hits you.
* * * LOW HITPOINT WARNING * * *
The adder barely misses you.
Drink which item? (? for menu, Esc to quit)
It was a potion of cancellation.
You feel magically purged.
You feel sick. The adder closely misses you. Something hits you!
You die...

#......#'##..........
##.....#.#########.##
#....)#.# .#
##..<..#.# #
#......#.# ####J..#.#
#.###.# #S# #.# #@#
#.# #### #.# #... #.#
#^..
#.#############...
#........)........
#..############(..
#..# #... #..# #...


You could see an ooze and an adder.

Vanquished Creatures
  Robin (D:2)
  3 adders (D:2)
  A worm (D:2)
  A dart slug (D:2)
  3 giant geckos (D:1)
  2 giant cockroaches
  7 goblins
  4 hobgoblins (D:2)
  4 bats (D:1)
  11 giant newts
  2 rats (D:1)
39 creatures vanquished.

Notes
Turn   | Place    | Note
--------------------------------------------------------------
     0 | D:1      | santipi the Draconian Assassin began the quest for the Orb.
     0 | D:1      | Reached XP level 1. HP: 17/17 MP: 1/1
   158 | D:1      | Reached skill level 4 in Stealth
   159 | D:1      | Reached XP level 2. HP: 11/24 MP: 2/2
   535 | D:1      | Reached skill level 1 in Dodging
   893 | D:2      | Reached XP level 3. HP: 30/30 MP: 3/3
  1501 | D:2      | Noticed Robin
  1527 | D:2      | Killed Robin
  1527 | D:2      | Reached XP level 4. HP: 36/37 MP: 4/4
  1665 | D:2      | Noticed Sigmund
  1697 | D:2      | Slain by Sigmund

Skill      XL: |  1  2 |
---------------+-------+-----
Stealth        | 4 |  4.8
Dodging        | 1 |  1.6
Fighting       | |  2.5
Short Blades   | |  2.3
Throwing       | |  1.9

Action                   |  1- 3 |  4- 6 || total
-------------------------+-------+-------++-------
Melee: Dagger            |    94 |    24 ||   118
       Tailslap          |     7 |     3 ||    10
  Use: Scroll            |     2 |       ||     2
       Potion            |       |     1 ||     1
 Stab: Sleeping          |     7 |       ||     7
  Eat: Bread ration      |     1 |       ||     1
       Chunk             |     1 |       ||     1
Armor: Skin              |    24 |     4 ||    28
Dodge: Dodged            |    53 |    19 ||    72
